 Dungeon Crawl Stone Soup version 0.14-a0-226-gcf818b1 (webtiles) character file.

82447 JacquesDerrida the Necromancer (level 15, -3/115 HPs)
             Began as a Demonspawn Necromancer on Oct 10, 2013.
             Was the Champion of Kikubaaqudgha.
             Killed from afar by Lamia (21 damage)
             ... with a poison arrow
             ... on Level 2 of the Snake Pit on Oct 11, 2013.
             The game lasted 02:45:13 (30511 turns).

JacquesDerrida the Necromancer (DsNe)              Turns: 30511, Time: 02:45:13

HP  -3/115       AC 23     Str 16      XL: 15   Next: 25%
MP   0/29        EV 21     Int 19      God: Kikubaaqudgha [******]
Gold 1357        SH 12     Dex 14      Spells:  8 memorised,  1 level left

Res.Fire  : . . .   See Invis. : .   K - +4 orc dagger (pain)
Res.Cold  : . . .   Warding    : .   s - +3 ring mail "Cluowauf" {Str+4 Stlth+}
Life Prot.: . . .   Conserve   : .   x - +1 buckler {AC+3}
Res.Poison: +       Res.Corr.  : .   f - +0 golden helmet
Res.Elec. : .       Clarity    : .   Q - +0 cloak
Sust.Abil.: . .     Spirit.Shd : +   F - +0 pair of orc gloves
Res.Mut.  : .       Stasis     : .   M - +2 pair of dwarf boots {Fly}
Res.Rott. : .       Flight     : +   d - amulet of the gourmand
Gourmand  : +                        w - ring of poison resistance
                                     L - +6 ring of evasion

@: regenerating, about to teleport, flying, quite poisoned, somewhat resistant
to hostile enchantments, stealthy
A: claws 2, powered by death 2, magic shield, AC +2
a: Receive Corpses, Torment, Renounce Religion, Stop Flying


You were on level 2 of the Snake Pit.
You worshipped Kikubaaqudgha.
Kikubaaqudgha was exalted by your worship.
You were full.

You visited 5 branches of the dungeon, and saw 32 of its levels.
You also visited: Labyrinth.

You collected 2160 gold pieces.
You spent 823 gold pieces at shops.

Inventory:

Hand weapons
 K - a +4,+4 orcish dagger of pain (weapon)
Armour
 f - a +0 golden helmet (worn)
 s - the +3 ring mail "Cluowauf" (worn) {Str+4 Stlth+}
   (You found it in a labyrinth)

   It affects your strength (+4).
   It makes you much more stealthy.
 x - a +1 buckler of protection (worn)
 F - a +0 pair of orcish gloves (worn)
 M - a +2 pair of dwarven boots of flying (worn)
 Q - a +0 cloak (worn)
Magical devices
 a - a wand of digging (6)
 b - a wand of invisibility (2)
 e - a wand of fire (4)
 g - a wand of polymorph (13)
 h - a wand of cold (4)
 v - a wand of disintegration (10)
 A - a wand of disintegration (17)
Comestibles
 c - a honeycomb
 j - 7 meat rations
 k - 2 bread rations
 r - a beef jerky
 D - 13 sultanas
Scrolls
 n - 2 scrolls of fear
 o - 3 scrolls of remove curse
 t - 2 scrolls of teleportation
 B - a scroll of fog
 N - a scroll of identify
 O - a scroll of enchant weapon I
Jewellery
 d - an amulet of the gourmand (around neck)
 i - an uncursed ring of protection from fire
 l - an uncursed amulet of clarity
 u - an uncursed ring of wizardry
 w - a ring of poison resistance (right hand)
 y - an uncursed ring of regeneration
 z - a +3 ring of protection
 E - an uncursed ring of see invisible
 L - a +6 ring of evasion (left hand)
Potions
 C - a potion of brilliance
 G - a potion of agility
 H - a potion of resistance
 J - 4 potions of curing
 P - 3 potions of restore abilities
Magical staves
 p - an uncursed staff of energy
Rods
 I - a +0 rod of warding (13/13)
   (You found it in a labyrinth)


   Skills:
 - Level 11.0 Fighting
 - Level 10.0 Short Blades
 - Level 1.1 Maces & Flails
 + Level 9.8 Armour
 - Level 11.0 Dodging
 - Level 1.7 Stealth
 - Level 5.0 Shields
 - Level 7.0 Spellcasting
 - Level 15.2 Necromancy


You had one spell level left.
You knew the following spells:

 Your Spells              Type           Power        Failure   Level  Hunger
a - Pain                  Necr           ####         1%          1    None
b - Animate Dead          Necr           N/A          1%          4    ###....
c - Vampiric Draining     Necr           ######....   1%          3    ##.....
d - Control Undead        Necr           ######....   1%          4    ###....
e - Agony                 Necr           ######..     1%          5    #####..
f - Regeneration          Chrm/Necr      #####.....   1%          3    ##.....
g - Blink                 Tloc           N/A          17%         2    None
h - Dispel Undead         Necr           ######..     1%          5    #####..


Dungeon Overview and Level Annotations

Branches:
Dungeon (17/27)            Temple (1/1) D:6             Orc (4/4) D:11
    Elf (0/3) Orc:4          Lair (8/8) D:11         Shoals (0/5) Lair:5
  Snake (2/5) Lair:4        Slime (0/6) Lair:8       Vaults (0/5) D:16

Altars:
Ashenzari
Cheibriados
Elyvilon
Fedhas
Kikubaaqudgha
Makhleb
Nemelex Xobeh
Okawaru
Sif Muna
Trog
Vehumet
Xom
Yredelemnul
Zin
the Shining One
Beogh

Shops:
D:4 *   D:9 /   D:10 /   D:16 *   Orc:3 +   Orc:4 +(=%

Annotations:
D:1 dig bault
D:14 Azrael
Snake:2 Lamia


Innate Abilities, Weirdness & Mutations

You have very sharp fingernails.
You are mostly covered in rugged brown scales (AC +2, +5% HP).
You can steal the life force of defeated enemies.
When hurt, damage is shared between your health and your magic reserves.


Message History

Your black mamba zombie bites Lamia!
Lamia points at you and mumbles some strange words.
The poison arrow hits you!
You are poisoned.
Drink which item? (? for menu, Esc to quit)
You feel better.
You break out of your daze!
Your black mamba zombie bites something.
Your black mamba zombie bites it but does no damage.
Read which item? (? for menu, Esc to quit)
As you read the scroll of teleportation, it crumbles to dust.
You feel strangely unstable.
Your black mamba zombie barely misses Lamia.
Your water moccasin zombie bites Lamia but does no damage.
Lamia points at you and mumbles some strange words.
The poison arrow hits you!
You are poisoned.
You partially resist.
You die...
Kikubaaqudgha rasps: "You have failed me!
Welcome... death!"

#......# #...
#......# #...
#......# #...
#.z....## #...
#.z.z......
#...
#.zzz..#... .
#...
#.§zN§§#.....
#...
#..§§§§#.._..#
##...
#..§§@§§......
......
#..§§§§§......
######
#..§§§####...
#.....# #
#...>.#
#.....#
#.....# ..(..#
..#


You could see Lamia, 2 friendly adder zombies, 3 friendly water moccasin zombies
and a friendly black mamba zombie.

Vanquished Creatures
  Aizul (D:16)
  3 vault guards (D:16)
  A minotaur (Lab)
  3 anacondas
  7 hydras
  Erica (D:16)
  Urug (D:15)
  2 centaur warriors
  5 skeletal warriors
  3 orc high priests (Orc:4)
  A catoblepas (Lair:6)
  2 unseen horrors
  6 hill giants
  Pikel (D:8)
  3 cyclopes
  2 elephants (Lair:8)
  A giant amoeba (Lair:8)
  Maurice (D:10)
  2 griffons
  A queen ant (Lair:7)
  5 black mambas
  5 orc knights
  6 spiny frogs
  6 fire drakes
  3 orc sorcerers (Orc:4)
  A feature mimic (D:10)
  A hydra zombie (D:14)
  3 guardian mummies (D:15)
  6 komodo dragons
  A minotaur zombie (Lab)
  8 trolls
  2 polar bears
  A two-headed ogre (D:15)
  7 slime creatures
  2 brown oozes (Lair:8)
  2 ugly things (D:16)
  An octopode (shapeshifter) (D:16)
  A queen bee (D:12)
  A mermaid (Lair:5)
  7 grizzly bears (Lair:8)
  6 basilisks
  A merfolk (Lair:5)
  2 hogs (D:16)
  A spiny worm zombie (D:17)
  21 yaks
  3 elephant slugs
  2 wraiths
  A hill giant zombie (D:15)
  A boulder beetle (Lair:8)
  7 blink frogs
  2 hungry ghosts
  A hill giant skeleton (D:16)
  2 necrophages
  10 vampire mosquitoes
  2 hell hounds (Lair:8)
  6 wargs
  6 hippogriffs
  An orange crystal statue (D:16)
  25 wolves
  A shark (Lair:3)
  22 soldier ants
  2 nagas
  2 ice beasts
  6 ogres
  2 phantoms
  A giant goldfish (D:8)
  6 sky beasts
  3 wyverns
  4 centaurs
  3 manticores
  14 giant frogs
  2 black bears
  5 big kobolds
  A cyclops zombie (D:15)
  A wyvern zombie (D:9)
  18 water moccasins
  A komodo dragon skeleton (D:15)
  A slave (D:8)
  A cyclops skeleton (D:13)
  A troll zombie (D:10)
  8 giant slugs
  29 killer bees
  9 porcupines
  27 orc warriors
  8 crocodiles
  A troll skeleton (D:15)
  Duvessa (D:8)
  3 yak skeletons
  8 electric eels
  5 crimson imps
  A goliath beetle (D:7)
  5 jellies
  7 agate snails
  3 scorpions
  22 orc priests
  A quasit (D:14)
  5 iguanas
  4 big fish
  16 hounds
  28 orc wizards
  27 worker ants
  An ogre zombie (D:4)
  An orange rat (D:7)
  20 sheep
  5 mummies
  13 gnolls
  34 adders
  3 giant centipedes
  A giant mite (Lair:3)
  12 green rats
  3 worms
  An iguana zombie (D:9)
  A giant eyeball (D:13)
  8 giant geckos
  An ooze (D:3)
  104 orcs
  20 bats
  A bat zombie (D:5)
  3 giant cockroaches
  A gnoll sergeant (D:9)
  17 goblins
  4 grey rats (D:7)
  17 hobgoblins
  29 jackals
  36 kobolds
  11 quokkas
  11 giant newts
  2 giant spores
  An orc skeleton (D:9)
  4 orc zombies
  29 rats
  7 ballistomycetes
932 creatures vanquished.

Vanquished Creatures (collateral kills)
  Kirke (D:15)
  2 orc warlords
  A vault guard (D:16)
  Nessos (Orc:3)
  A hydra (D:11)
  An unseen horror (D:15)
  Erolcha (D:11)
  2 hill giants
  4 elephants (Lair:8)
  A griffon (Lair:3)
  A black mamba (Snake:1)
  A spiny frog (Lair:8)
  A komodo dragon (Lair:7)
  A guardian mummy (D:15)
  A troll (D:16)
  4 polar bears (Lair:8)
  A red wasp zombie (D:13)
  3 slime creatures
  2 blink frogs (Lair:3)
  A dragon zombie (D:17)
  A brown ooze (Lair:8)
  A griffon skeleton (D:16)
  3 water elementals (D:17)
  2 ugly things (D:16)
  3 grizzly bears (Lair:8)
  2 vampire mosquitoes
  4 yaks
  2 hippogriffs
  An elephant slug (Lair:1)
  A hill giant zombie (D:12)
  A shark (Lair:3)
  A necrophage (D:10)
  7 wolves
  A mottled dragon (D:11)
  An ogre (Orc:3)
  4 porcupines
  5 black bears
  3 crocodiles
  A rotting devil (Orc:4)
  A centaur (D:6)
  2 wargs
  A wyvern (D:13)
  2 giant frogs
  6 water moccasins
  A big kobold (D:13)
  A sky beast (D:12)
  A manticore skeleton (D:12)
  6 orc warriors
  A jellyfish (D:17)
  4 killer bees
  3 electric eels (Lair:3)
  An agate snail (Lair:8)
  A crimson imp (D:9)
  Dowan (D:8)
  A jelly (D:11)
  2 orc priests
  A giant frog skeleton (D:11)
  A hound (Lair:8)
  3 worker ants
  A big fish (Lair:3)
  2 orc wizards
  A scorpion (D:11)
  An iguana (Lair:3)
  2 goliath beetles
  An ogre skeleton (D:4)
  5 adders
  9 green rats
  A giant centipede (D:11)
  A worm (D:4)
  An ooze (D:3)
  26 orcs
  4 hobgoblins
  7 jackals
  6 kobolds
  A quokka (Lair:3)
  A ball python (D:4)
  A rat (D:4)
  2 rat skeletons
  3 ballistomycetes
  A plant (Lair:7)
192 creatures vanquished.

Vanquished Creatures (others)
  A minotaur zombie (D:16)
  A hydra zombie (D:16)
  A hydra skeleton (D:17)
  A shark (D:17)
  2 spiny frog zombies
  A slave (D:8)
  A human zombie (D:16)
  A blink frog zombie (Lair:3)
  An elephant zombie (Lair:8)
  A fire drake zombie (Lair:8)
  An elephant skeleton (Lair:8)
  2 vampire mosquito zombies (D:15)
  A hell hound zombie (Lair:8)
  A cyclops zombie (D:11)
  A grizzly bear zombie (Lair:8)
  3 troll zombies
  A yak zombie (D:14)
  A yak skeleton (Orc:4)
  A giant frog zombie (D:15)
  2 basilisk zombies
  2 centaur zombies
  4 soldier ant zombies (Lair:7)
  A two-headed ogre zombie (D:15)
  2 orc priests (D:9)
  A water moccasin zombie (D:11)
  A black bear zombie (Lair:8)
  10 killer bee zombies
  8 ogre zombies (Orc:4)
  9 wolf zombies
  4 hound zombies (Lair:8)
  3 warg zombies
  5 worker ant zombies
  An elf zombie (D:8)
  A giant centipede zombie (D:11)
  A scorpion zombie (D:11)
  An adder zombie (Snake:2)
  A worm zombie (D:9)
  A bat zombie (D:11)
  2 gnoll zombies (D:9)
  A giant cockroach zombie (D:3)
  A giant newt zombie (D:5)
  2 giant spores (D:11)
  A goblin skeleton (Orc:4)
  11 goblin zombies
  A green rat zombie (Lair:1)
  8 hobgoblin zombies
  7 jackal zombies
  11 kobold zombies
  8 orc skeletons
  101 orc zombies
  A quokka zombie (Lair:1)
  10 rat skeletons (Orc:4)
  A rat zombie (D:11)
  10 fungi (Lair:8)
  6 plants
263 creatures vanquished.

Grand Total: 1387 creatures vanquished

Notes
Turn   | Place    | Note
--------------------------------------------------------------
     0 | D:1      | JacquesDerrida, the Demonspawn Necromancer, began the quest for the Orb.
     0 | D:1      | Reached XP level 1. HP: 13/13 MP: 3/3
   438 | D:1      | Gained mutation: You are partially covered in rugged brown scales (AC +1, +3% HP). [demonic ancestry]
   438 | D:1      | Reached XP level 2. HP: 12/19 MP: 2/4
  1098 | D:2      | Reached skill level 5 in Necromancy
  1122 | D:2      | Reached XP level 3. HP: 17/24 MP: 3/6
  1536 | D:2      | Found a deep blue altar of Sif Muna.
  2265 | D:2      | Reached XP level 4. HP: 12/30 MP: 5/8
  2290 | D:2      | Learned a level 4 spell: Animate Dead
  2858 | D:3      | Reached skill level 6 in Necromancy
  3043 | D:3      | Reached XP level 5. HP: 14/36 MP: 5/9
  3186 | D:3      | Found a blossoming altar of Fedhas.
  3594 | D:3      | Learned a level 3 spell: Vampiric Draining
  3625 | D:4      | Noticed a sky beast
  3695 | D:3      | Reached skill level 1 in Fighting
  4194 | D:3      | Killed a sky beast
  4194 | D:3      | Gained mutation: You can steal the life force of nearby defeated enemies. [demonic ancestry]
  4194 | D:3      | Reached XP level 6. HP: 16/44 MP: 0/11
  4557 | D:4      | Reached skill level 1 in Maces & Flails
  4650 | D:4      | Noticed a hungry ghost
  4690 | D:4      | Killed a hungry ghost
  4690 | D:4      | Reached skill level 7 in Necromancy
  4690 | D:4      | Gained mutation: You are mostly covered in rugged brown scales (AC +2, +5% HP). [demonic ancestry]
  4690 | D:4      | Reached XP level 7. HP: 24/51 MP: 7/13
  4851 | D:4      | Found Suti's Assorted Antiques.
  4906 | D:4      | Found a burning altar of Makhleb.
  4910 | D:4      | Found a radiant altar of Vehumet.
  4912 | D:4      | Found a shattered altar of Ashenzari.
  5108 | D:4      | Learned a level 4 spell: Control Undead
  5136 | D:5      | Entered Level 5 of the Dungeon
  5273 | D:5      | Got a transparent dagger
  5274 | D:5      | Identified the +7,+11 dagger of Esauwkee {drain, Contam rN+ SInv} (You found it on level 5 of the Dungeon)
  5274 | D:5      | Identified the +7,+11 dagger of Esauwkee {drain, Contam rN+ SInv} (You found it on level 5 of the Dungeon)
  5305 | D:5      | Reached skill level 1 in Short Blades
  5399 | D:5      | Reached skill level 8 in Necromancy
  5552 | D:5      | Reached XP level 8. HP: 44/58 MP: 1/16
  5792 | D:5      | Found a shattered altar of Ashenzari.
  6088 | D:5      | Got a heavily runed leather armour
  6122 | D:5      | Identified the +0 leather armour "Orchoari" {Str+2 Int+4} (You took it off an orc on level 5 of the Dungeon)
  6370 | D:6      | Found an iron altar of Okawaru.
  6487 | D:6      | Reached skill level 5 in Short Blades
  6558 | D:6      | Found a staircase to the Ecumenical Temple.
  6589 | Temple   | Entered the Ecumenical Temple
  6669 | Temple   | Became a worshipper of Kikubaaqudgha
  7473 | D:7      | Acquired Kikubaaqudgha's first power
  7473 | D:7      | Received a gift from Kikubaaqudgha
  7494 | D:7      | Identified Kikubaaqudgha's Incunabulum of Evil Rites (Kikubaaqudgha gifted it to you on level 7 of the Dungeon)
  7605 | D:8      | Noticed Pikel
  7615 | D:8      | Killed Pikel
  7615 | D:8      | Reached skill level 5 in Dodging
  7615 | D:8      | Gained mutation: You have sharp fingernails. [demonic ancestry]
  7615 | D:8      | Reached XP level 9. HP: 58/64 MP: 13/17
  7646 | D:8      | Noticed Duvessa
  7648 | D:8      | Noticed Dowan
  7661 | D:8      | Killed Duvessa
  7666 | D:8      | Killed Dowan
  7810 | D:8      | Your ally Dowan died
  7909 | D:8      | Noticed a troll
  7916 | D:8      | Killed a troll
  7916 | D:8      | Reached skill level 5 in Fighting
  8273 | D:9      | Found a snail-covered altar of Cheibriados.
  8346 | D:9      | Reached skill level 9 in Necromancy
  8365 | D:9      | Found Dasynk's Magical Wand Shop.
  8580 | D:9      | Reached XP level 10. HP: 32/73 MP: 5/18
  8611 | D:9      | Acquired Kikubaaqudgha's second power
  8918 | D:10     | Entered Level 10 of the Dungeon
  8918 | D:10     | Noticed Maurice
  8928 | D:10     | Killed Maurice
  8928 | D:10     | Reached skill level 10 in Necromancy
  9112 | D:10     | Noticed a hill giant
  9123 | D:10     | Killed a hill giant
  9130 | D:10     | Found a glowing silver altar of Zin.
  9248 | D:10     | Reached skill level 11 in Necromancy
  9276 | D:10     | Found Ykhloiq's Magical Wand Boutique.
  9337 | D:10     | Paralysed by a potion of paralysis for 3 turns
  9931 | D:1      | Gained mutation: You have a fast metabolism. [potion of mutation]
  9931 | D:1      | Gained mutation: You are resistant to electric shocks. [potion of mutation]
  9932 | D:1      | Lost mutation: You have a fast metabolism. [potion of cure mutation]
  9932 | D:1      | Lost mutation: You are resistant to electric shocks. [potion of cure mutation]
 10191 | D:11     | Noticed an unseen horror
 10206 | D:10     | Killed an unseen horror
 10206 | D:10     | Reached skill level 12 in Necromancy
 10307 | D:11     | Noticed Erolcha
 10346 | D:11     | Killed Erolcha
 10368 | D:11     | Reached skill level 1 in Armour
 10427 | D:11     | Received a gift from Kikubaaqudgha
 10479 | D:11     | Identified Kikubaaqudgha's Grimoire of Stolen Souls (Kikubaaqudgha gifted it to you on level 11 of the Dungeon)
 10486 | D:11     | Learned a level 5 spell: Agony
 10554 | D:11     | Found a staircase to the Orcish Mines.
 10709 | D:11     | Found a staircase to the Lair.
 10949 | D:11     | Gained mutation: You can steal the life force of defeated enemies. [demonic ancestry]
 10949 | D:11     | Reached XP level 11. HP: 78/80 MP: 21/21
 11095 | Lair:1   | Entered Level 1 of the Lair of Beasts
 11599 | Lair:1   | Noticed an eight-headed hydra
 11607 | Lair:1   | Killed an eight-headed hydra
 11607 | Lair:1   | Reached skill level 5 in Spellcasting
 12098 | Lair:2   | Got a polished chain mail
 12101 | Lair:2   | Identified the +1 chain mail of Cocytus {+Inv rElec} (You found it on level 2 of the Lair of Beasts)
 12297 | Lair:2   | Reached skill level 5 in Armour
 12464 | Lair:3   | Acquired Kikubaaqudgha's third power
 13765 | Lair:3   | Acquired Kikubaaqudgha's fourth power
 13967 | Lair:4   | Found a shimmering altar of Xom.
 14110 | Lair:4   | Gained mutation: You have very sharp fingernails. [demonic ancestry]
 14110 | Lair:4   | Reached XP level 12. HP: 90/90 MP: 10/26
 14111 | Lair:4   | Found a staircase to the Snake Pit.
 14723 | Lair:5   | Found a staircase to the Shoals.
 16143 | Lair:6   | Reached skill level 10 in Fighting
 16622 | Lair:7   | Got a jewelled halberd
 16623 | Lair:7   | Identified the +6,+12 halberd of the Revolution {freeze, rPois rN+} (You found it on level 7 of the Lair of Beasts)
 16885 | Lair:7   | Noticed an eight-headed hydra
 16890 | Lair:7   | Killed an eight-headed hydra
 16941 | Lair:7   | Found a basalt altar of Yredelemnul.
 17391 | Lair:7   | Gained mutation: When hurt, damage is shared between your health and your magic reserves. [demonic ancestry]
 17391 | Lair:7   | Reached XP level 13. HP: 81/99 MP: 21/27
 17636 | Lair:8   | Entered Level 8 of the Lair of Beasts
 17794 | Lair:8   | Found a staircase to the Slime Pits.
 19092 | Lair:8   | Reached skill level 10 in Dodging
 19836 | Lair:1   | Learned a level 3 spell: Regeneration
 19868 | D:11     | Noticed an eight-headed hydra
 19877 | D:11     | Killed an eight-headed hydra
 19908 | Orc:1    | Entered Level 1 of the Orcish Mines
 20142 | Orc:4    | Entered Level 4 of the Orcish Mines
 20142 | Orc:4    | Found a staircase to the Elven Halls.
 20749 | Orc:3    | Noticed Nessos
 20763 | Orc:3    | Killed Nessos
 21031 | Orc:4    | Noticed an orc warlord
 21295 | Orc:2    | Found a roughly hewn altar of Beogh.
 21395 | Orc:3    | Found Triran's Book Boutique.
 21677 | Orc:4    | Killed an orc warlord
 21707 | Orc:4    | Reached skill level 13 in Necromancy
 22065 | Orc:4    | Noticed an orc warlord
 22637 | Orc:4    | Found Qoliog's Book Boutique.
 22638 | Orc:4    | Found Zora's Antique Weapon Emporium.
 22639 | Orc:4    | Found Gaqiulun's Jewellery Boutique.
 22640 | Orc:4    | Found Caydwuib's Food Emporium.
 22656 | Orc:4    | Bought a twisted morningstar for 279 gold pieces
 22748 | Lair:1   | Identified the cursed +2,+0 morningstar of the Eternal Warrior {speed, +Inv Str+3} (You bought it in a shop on level 4 of the Orcish Mines)
 23457 | D:12     | Learned a level 2 spell: Blink
 23523 | D:12     | Reached XP level 14. HP: 108/108 MP: 28/28
 24411 | D:13     | Reached skill level 14 in Necromancy
 24920 | Orc:3    | Killed an orc warlord
 25250 | Temple   | Identified a +2,+4 orcish dagger of pain (a +1,+3 orcish dagger bloodied by Kikubaaqudgha)
 25399 | Lair:1   | Learned a level 5 spell: Dispel Undead
 25495 | D:14     | Entered Level 14 of the Dungeon
 25527 | D:14     | Noticed Azrael
 25910 | D:15     | Entered Level 15 of the Dungeon
 26320 | D:15     | Found an iron altar of Okawaru.
 26459 | D:15     | Noticed Urug
 26471 | D:15     | Killed Urug
 26964 | D:15     | Reached skill level 10 in Short Blades
 27090 | D:16     | Noticed Kirke
 27124 | D:15     | Killed Kirke
 27164 | D:16     | Found a labyrinth entrance.
 27168 | D:16     | Noticed Erica
 27172 | Lab      | Entered a labyrinth
 27752 | Lab      | Got an ichor-stained ring mail
 27752 | Lab      | Identified the Guide on Dislocated Evil Secrets (You found it in a labyrinth)
 27753 | Lab      | Identified a scroll of acquirement
 27778 | Lab      | Identified the +3 ring mail "Cluowauf" {Str+4 Stlth+} (You found it in a labyrinth)
 27810 | Lab      | Identified a +0 rod of warding (13/13) (You found it in a labyrinth)
 27826 | D:16     | Killed Erica
 27826 | D:16     | Reached skill level 1 in Shields
 27888 | D:16     | Found a staircase to the Vaults.
 27920 | D:16     | Your ally Erica died
 28051 | D:16     | Reached skill level 5 in Shields
 28102 | D:16     | Found Likhim's Assorted Antiques.
 28111 | D:16     | Bought a crude chain mail for 544 gold pieces
 28128 | D:16     | Identified the +2 chain mail "Skeus" {Str-2} (You bought it in a shop on level 16 of the Dungeon)
 28483 | D:16     | Reached XP level 15. HP: 115/115 MP: 19/29
 28632 | D:16     | Noticed Aizul
 28674 | D:16     | Killed Aizul
 29210 | D:17     | Reached skill level 15 in Necromancy
 29593 | Snake:1  | Entered Level 1 of the Snake Pit
 30335 | Snake:2  | Noticed Lamia
 30505 | Snake:2  | HP: 3/115 [Lamia/runed halberd (8)]
 30506 | Snake:2  | Found a deep blue altar of Sif Muna.
 30506 | Snake:2  | HP: 1/115 [poisoned by Lamia (poison arrow)]
 30511 | Snake:2  | Killed from afar by Lamia

Action                   |  1- 3 |  4- 6 |  7- 9 | 10-12 | 13-15 || total
-------------------------+-------+-------+-------+-------+-------++-------
Melee: Unarmed           |    11 |       |       |       |     9 ||    20
       Dagger            |    53 |    37 |   297 |  1191 |  1828 ||  3406
       Whip              |       |    70 |    22 |       |       ||    92
 Cast: Pain              |    63 |    65 |    47 |    33 |    23 ||   231
       Animate Dead      |       |     6 |    21 |    29 |    72 ||   128
       Vampiric Draining |       |     5 |    26 |    29 |     1 ||    61
       Agony             |       |       |       |    77 |    73 ||   150
       Regeneration      |       |       |       |       |     9 ||     9
       Control Undead    |       |       |       |       |     1 ||     1
       Dispel Undead     |       |       |       |       |    48 ||    48
Invok: Receive Corpses   |       |       |       |     7 |    29 ||    36
 Abil: Evoke Flight      |       |       |       |       |     1 ||     1
Evoke: Wand              |       |       |    10 |    21 |    10 ||    41
  Use: Potion            |       |     2 |     3 |    10 |    15 ||    30
       Scroll            |       |     1 |    19 |    10 |    23 ||    53
 Stab: Sleeping          |       |       |     3 |     7 |     7 ||    17
       Distracted        |       |       |     2 |     4 |    15 ||    21
       Invisible         |       |       |       |       |     4 ||     4
